 Dungeon Crawl Stone Soup version 0.21.0 (webtiles) character file.

6391 Megalobster the Cleaver (level 10, -7/92 HPs)
             Began as a Deep Dwarf Fighter on Jan 5, 2018.
             Was a Follower of Makhleb.
             Mangled by a death yak (22 damage)
             ... on level 8 of the Dungeon.
             The game lasted 00:41:35 (7212 turns).

Megalobster the Cleaver (Deep Dwarf Fighter)        Turns: 7212, Time: 00:41:36

Health: -7/92      AC: 14    Str: 22    XL:     10   Next: 66%
Magic:  10/11      EV: 13    Int: 12    God:    Makhleb [*.....]
Gold:   573        SH:  0    Dex: 12    Spells: 9/9 levels left

rFire    . . .     SeeInvis .   q - +1 battleaxe
rCold    . . .     Gourm    .   (shield currently unavailable)
rNeg     . . .     Faith    .   F - +2 scale mail {MR+}
rPois    .         Spirit   .   (no helmet)
rElec    .         Reflect  .   l - +0 cloak
rCorr    .         Harm     .   k - +0 pair of gloves
MR       ++...                  (no boots)
Stlth    +.........             (no amulet)
HPRegen  0.00/turn              d - ring of stealth
MPRegen  0.12/turn              (no ring)

@: non-regenerating
A: damage resistance, heal wounds, molten scales 1, clever 1, sense surroundings
2, wild magic 1, no regeneration
a: Heal Wounds, Renounce Religion


You were on level 8 of the Dungeon.
You worshipped Makhleb.
Makhleb was aware of your devotion.
You were hungry.

You visited 2 branches of the dungeon, and saw 12 of its levels.
You also visited: Sewer.

You collected 573 gold pieces.

Inventory:

Hand Weapons
 a - a +0 war axe
 q - a +1 battleaxe (weapon)
 t - a +2 flail of holy wrath
 y - a +4 hand axe
 B - a cursed +2 morningstar
 D - a +0 war axe
Missiles
 z - 4 tomahawks (quivered)
Armour
 b - a +0 scale mail
 c - a +0 shield
 k - a +0 pair of gloves (worn)
 l - a +0 cloak (worn)
 r - a +0 large shield
 u - a +0 chain mail
 F - a +2 scale mail of magic resistance (worn)
 I - a +0 troll leather armour
Magical Staves
 A - an uncursed staff of power {unknown}
Jewellery
 d - a ring of stealth (left hand)
Wands
 H - a wand of acid (9)
Scrolls
 e - 2 scrolls of teleportation {unknown}
 g - 2 scrolls of fog {unknown}
 h - 3 scrolls of enchant armour {unknown}
 j - 6 scrolls of identify {unknown}
 m - 2 scrolls of fear {unknown}
 n - a scroll of enchant weapon {unknown}
 o - 3 scrolls of blinking {unknown}
 p - a scroll of remove curse {unknown}
 x - 2 scrolls of magic mapping {unknown}
Potions
 i - 3 potions of curing
 s - a potion of mutation
 v - a potion of haste
 G - a potion of might
Books
 w - a book of Flames

   Spells                             Type                      Level
   a - Flame Tongue                   Conjuration/Fire             1
   b - Throw Flame                    Conjuration/Fire             2
   c - Conjure Flame                  Conjuration/Fire             3
   d - Inner Flame                    Hexes/Fire                   3
   e - Sticky Flame                   Conjuration/Fire             4
   f - Fireball                       Conjuration/Fire             5
Comestibles
 f - 18 rations
 C - 9 chunks of flesh


   Skills:
 + Level 6.3 Fighting
 * Level 10.1 Axes
 + Level 7.7 Armour
 + Level 6.8 Dodging
 - Level 7.0 Shields
 * Level 7.1 Invocations


You had 9 spell levels left.
You didn't know any spells.

Dungeon Overview and Level Annotations

Branches:
Dungeon (11/15)            Temple (1/1) D:6
   Lair: D:8-11         Orc: D:9-12

Altars:
Ashenzari
Cheibriados
Dithmenos
Elyvilon
Fedhas
Gozag
Hepliaklqana
Kikubaaqudgha
Makhleb
Nemelex Xobeh
Okawaru
Qazlal
Ru
Sif Muna
Trog
Uskayaw
Vehumet
Wu Jian
Xom
Yredelemnul
Zin

Shops:
D:8 %


Innate Abilities, Weirdness & Mutations

You are resistant to damage.
You can heal yourself by infusing magical energy.
You passively map the area around you.
You do not regenerate.
You are partially covered in molten scales. (AC +2)
Your mind is acute. (Int +2)
Your spells are a little harder to cast, but a little more powerful.


Message History

Makhleb accepts your kill.
Your Axes skill increases to level 10!
Your Invocations skill increases to level 7!
You slash the death yak! The death yak barely misses you.
The death yak gores you but does no damage.
You slash the death yak!
The death yak is heavily wounded.
The death yak gores you!
You hit the death yak but do no damage.
The death yak is heavily wounded.
The death yak gores you!!
* * * LOW HITPOINT WARNING * * *
Unknown command.
Okay, then.
You feel much better. The death yak gores you!!
* * * LOW HITPOINT WARNING * * *
You barely miss the death yak.
The death yak is heavily wounded.
The death yak gores you!!
You die...

#.......### * ,
####...## ## ,, * ##.##
#### .##* ,, ,, * #.#
#...,..## , ,, , ##.##
#.#. ... , , , ** #...#
#.#.#..# , , #...#
#.#....# , #...#
#.##...# , ,, * *
####...######.##@..# ,
...........##..Y†..#*
*, , *
..............##.......
, ,
...........#####.######
, ,* ##.......### #.#
,,, #.#...#.# #.# ** *,
#.#...#.# #..,,,
#.#...#.# ### **
#.......# * ,,,,,


You could see a death yak.

Vanquished Creatures
  A death yak (D:8)
  The ghost of Gorglomux the Covered, a novice DDFi of Makhleb (D:7)
  Pikel (D:6)
  2 cyclopes (D:11)
  Joseph (D:7)
  A troll (D:11)
  Grinder (D:6)
  A hippogriff (D:8)
  Eustachio (D:5)
  A hungry ghost (D:11)
  Edmund (D:5)
  3 sky beasts
  An orc warrior (D:8)
  2 slaves (D:6)
  3 black bears
  2 centaurs
  3 ogres
  A crocodile (D:11)
  2 big kobolds (D:11)
  4 bullfrogs
  A scorpion (D:11)
  8 wights (D:6)
  2 crimson imps
  3 hounds
  4 orc wizards
  An orc priest (D:4)
  A centaur skeleton (D:8)
  A jelly (D:5)
  2 iguanas
  A worker ant (D:4)
  A hound zombie (D:7)
  A worker ant zombie (D:6)
  4 gnolls (D:6)
  13 adders
  A shadow imp (D:5)
  9 oozes
  An adder zombie (D:6)
  2 worms
  2 dart slugs
  15 leopard geckos
  21 orcs
  10 ball pythons
  17 giant cockroaches
  8 goblins
  8 hobgoblins
  7 jackals
  8 bats
  16 frilled lizards
  A jackal skeleton (D:4)
  A jackal zombie (D:6)
  16 kobolds
  4 rats
223 creatures vanquished.

Vanquished Creatures (others)
  A sky beast (D:11)
1 creature vanquished.

Grand Total: 224 creatures vanquished

Notes
Turn   | Place    | Note
-------+----------+-------------------------------------------
     0 | D:1      | Megalobster the Deep Dwarf Fighter began the quest for the Orb.
     0 | D:1      | Reached XP level 1. HP: 20/20 MP: 1/1
   112 | D:1      | Reached XP level 2. HP: 20/27 MP: 2/2
   255 | D:1      | Reached skill level 1 in Dodging
   352 | D:1      | Reached XP level 3. HP: 19/33 MP: 3/3
   792 | D:2      | Found a radiant altar of Vehumet.
  1218 | D:2      | Found a basalt altar of Yredelemnul.
  1226 | D:2      | Found a hazy altar of Hepliaklqana.
  1314 | D:2      | Reached skill level 3 in Axes
  1503 | D:2      | Reached XP level 4. HP: 42/42 MP: 4/4
  1744 | D:3      | Found a glowing drain.
  1765 | Sewer    | Entered a sewer
  2016 | Sewer    | Reached XP level 5. HP: 28/49 MP: 5/5
  2124 | Sewer    | Reached skill level 4 in Axes
  2332 | Sewer    | Reached XP level 6. HP: 36/56 MP: 6/6
  2422 | D:3      | Found a stormy altar of Qazlal.
  2690 | D:3      | Found a sparkling altar of Nemelex Xobeh.
  3026 | D:4      | Reached skill level 5 in Axes
  3496 | D:5      | Entered Level 5 of the Dungeon
  3539 | D:5      | Reached XP level 7. HP: 46/63 MP: 7/7
  3542 | D:5      | Noticed Eustachio
  3552 | D:5      | Killed Eustachio
  3630 | D:5      | Noticed Edmund
  3637 | D:5      | Killed Edmund
  3637 | D:5      | Reached skill level 5 in Armour
  3637 | D:5      | Reached skill level 5 in Shields
  3676 | D:5      | Reached skill level 6 in Axes
  3785 | D:5      | Reached XP level 8. HP: 45/73 MP: 8/8
  4106 | D:5      | Found a snail-covered altar of Cheibriados.
  4375 | D:6      | Reached skill level 7 in Axes
  4537 | D:6      | Noticed Pikel
  4582 | D:6      | Killed Pikel
  4582 | D:6      | Reached skill level 5 in Fighting
  4582 | D:6      | Reached skill level 5 in Dodging
  4582 | D:6      | Gained mutation: You passively map the area around you. [Deep Dwarf growth]
  4582 | D:6      | Reached XP level 9. HP: 39/81 MP: 7/7
  4895 | D:6      | Noticed Grinder
  4904 | D:6      | Killed Grinder
  4904 | D:6      | Reached skill level 8 in Axes
  5372 | D:6      | Found a staircase to the Ecumenical Temple.
  5379 | Temple   | Entered the Ecumenical Temple
  5535 | Temple   | Became a worshipper of Makhleb the Destroyer
  5954 | D:7      | Reached skill level 1 in Invocations
  6008 | D:7      | Noticed Gorglomux's ghost (novice DDFi)
  6048 | D:7      | Killed Gorglomux's ghost
  6092 | D:7      | Noticed Joseph
  6107 | D:7      | Killed Joseph
  6107 | D:7      | Reached skill level 9 in Axes
  6351 | D:8      | Found Imum's Food Shoppe.
  6482 | D:8      | Reached XP level 10. HP: 39/91 MP: 11/11
  6486 | D:8      | Reached * piety under Makhleb
  6613 | D:8      | Noticed a death yak
  6614 | D:8      | Noticed a death yak
  6626 | D:8      | You fall through a shaft for 3 floors!
  6646 | D:11     | Reached skill level 5 in Invocations
  6854 | D:11     | Noticed a cyclops
  6878 | D:11     | Killed a cyclops
  7007 | D:11     | Noticed a cyclops
  7017 | D:11     | HP: 3/91 [cyclops (12)]
  7021 | D:11     | Gained mutation: Your spells are a little harder to cast, but a little more powerful. [potion of mutation]
  7021 | D:11     | Gained mutation: You are partially covered in molten scales. (AC +2) [potion of mutation]
  7021 | D:11     | Gained mutation: Your mind is acute. (Int +2) [potion of mutation]
  7035 | D:11     | Killed a cyclops
  7101 | D:10     | Entered Level 10 of the Dungeon
  7178 | D:8      | Noticed a death yak
  7208 | D:8      | Killed a death yak
  7208 | D:8      | Reached skill level 10 in Axes
  7212 | D:8      | Mangled by a death yak

Skill      XL: |  1  2  3  4  5  6  7  8  9 10 |
---------------+-------------------------------+-----
Dodging        | 1 2 3 5 6 |  6.8
Axes           | 3 4 5 6 7 9 10 | 10.1
Fighting       | 3 4 5 6 |  6.3
Armour         | 4 5 6 7 |  7.7
Shields        | 4 5 6 7 |  7.0
Invocations    | 4 7 |  7.1

Action                   |  1- 3 |  4- 6 |  7- 9 | 10-12 || total
-------------------------+-------+-------+-------+-------++-------
Melee: War axe           |   129 |   256 |   129 |       ||   514
       Hand axe          |       |       |    71 |       ||    71
       Battleaxe         |       |       |   108 |   101 ||   209
 Abil: Heal Wounds       |     1 |     3 |    12 |    14 ||    30
  Use: Potion            |       |     1 |     4 |     4 ||     9
  Eat: Chunk             |     2 |     8 |     3 |     4 ||    17
       Ration            |       |       |     2 |       ||     2
Armor: Scale mail        |    65 |   125 |   108 |    30 ||   328
       Skin              |       |       |    62 |    17 ||    79
Dodge: Dodged            |    44 |   101 |   135 |    77 ||   357
Block: Shield            |    81 |   156 |   125 |       ||   362
